 Dungeon Crawl Stone Soup version 0.24-a0-252-g5076262 (webtiles) character file.

Game seed: 12084013434768008022

93 Borgoz the Skirmisher (level 4, 0/29 HPs)
             Began as a Gargoyle Fighter on Apr 17, 2019.
             Killed by divine providence
             ... invoked by an orc priest
              (14 damage)
             ... on level 3 of the Dungeon.
             The game lasted 00:02:04 (1335 turns).

Borgoz the Skirmisher (Gargoyle Fighter)            Turns: 1335, Time: 00:02:04

Health: 0/29       AC: 10    Str: 17 (19) XL:     4   Next: 61%
Magic:  4/4        EV: 10    Int:  8 (9)  God:
Gold:   94         SH:  0    Dex:  8 (10) Spells: 3/3 levels left

rFire    . . .     SeeInvis +   m - +0 dagger (venom)
rCold    . . .     Gourm    .   (no shield)
rNeg     + . .     Faith    .   b - +0 scale mail
rPois    ∞         Spirit   .   (no helmet)
rElec    +         Reflect  .   (no cloak)
rCorr    .         Harm     .   (no gloves)
MR       .....                  (no boots)
Stlth    ..........             (no amulet)
HPRegen  0.09/turn              h - ring of see invisible
MPRegen  0.09/turn              (no ring)

@: no status effects
A: negative energy resistance 1, electricity resistance, unbreathing,
petrification resistance, rot immunity, AC +3
a: no special abilities


You were on level 3 of the Dungeon.
You were hungry.

You visited 1 branch of the dungeon, and saw 3 of its levels.

You collected 94 gold pieces.

Inventory:

Hand Weapons
 a - a +0 rapier
 m - a +0 dagger of venom (weapon)
Armour
 b - a +0 scale mail (worn)
Jewellery
 d - an uncursed ring of resist corrosion {unknown}
 h - a ring of see invisible (left hand)
 r - an uncursed ring of fire {unknown}
Scrolls
 c - 3 scrolls of identify {unknown}
 e - a scroll of fear {unknown}
 g - 2 scrolls of random uselessness {unknown}
 i - 6 scrolls of remove curse {unknown}
 o - a scroll of immolation {unknown}
 p - a scroll of teleportation {unknown}
 q - 2 scrolls of amnesia {unknown}
 t - a scroll of blinking {unknown}
 u - a scroll of enchant weapon {unknown}
Potions
 j - a potion of degeneration
 k - a potion of heal wounds {unknown}
 n - a potion of haste {unknown}
Comestibles
 f - 7 rations
 s - a chunk of flesh


   Skills:
 + Level 3.9 Fighting
 + Level 2.4 Short Blades
 + Level 3.9 Armour
 * Level 1.9 Dodging
   Level 3.2 Shields


You had 3 spell levels left.
You didn't know any spells.
Your spell library contained the following spells:

 Spells                   Type           Power        Failure   Level  Hunger
 Animate Skeleton         Necr           N/A          80%         1    ##.....
 Apportation              Tloc           #.....       80%         1    ##.....
 Confusing Touch          Hex            #.....       80%         1    ##.....
 Summon Small Mammal      Summ           #...         80%         1    ##.....


Dungeon Overview and Level Annotations

Branches:
Dungeon (3/15)

Altars:
Cheibriados


Innate Abilities, Weirdness & Mutations

You are resistant to torment.
Your stone body is resilient. (AC +3)
You are immune to poison.
You resist negative energy. (rN+)
You are resistant to electric shocks. (rElec)
You can survive without breathing.
You are immune to petrification.
You are immune to rotting.


Message History

* * * LOW HITPOINT WARNING * * *
The goblin hits you but does no damage.
You barely miss the orc priest.
The orc priest is moderately wounded.
The orc priest hits you but does no damage.
The goblin misses you.
You closely miss the orc priest.
The orc priest is moderately wounded.
The orc priest barely misses you. The goblin barely misses you.
The orc priest looks satisfied for a moment.
It was a potion of degeneration.
There was something very wrong with that liquid.
You feel weakened.
You feel dopey.
You feel clumsy.
The orc priest hits you but does no damage.
The goblin barely misses you.
It was a potion of curing.
You feel better. The orc priest barely misses you.
The goblin hits you but does no damage.
The orc priest calls down the wrath of Beogh upon you.
Beogh smites you!
You die...

..###.#.# #..
#.#.... # #.#...
##### #...# ##_#..
##...## ##≈≈≈##
#.....###≈≈≈≈≈#
####........≈≈.≈≈.
#....####...≈≈≈≈≈#
#@#### ###..≈≈≈.#
#og# #...).## #o##
###..## .K #.##
... .... ....
###.## #.... #.#
#.... #.. ###


You could see 2 orc priests, a goblin and a kobold.

Vanquished Creatures
  Robin (D:2)
  An adder (D:2)
  An ooze (D:1)
  4 dart slugs
  A leopard gecko (D:3)
  2 orcs (D:3)
  6 bats (D:1)
  3 giant cockroaches
  17 goblins
  4 hobgoblins
  A quokka (D:2)
  2 ball pythons
  2 frilled lizards (D:1)
  4 kobolds
  2 rats
51 creatures vanquished.

Notes
Turn   | Place    | Note
-------+----------+-------------------------------------------
     0 | D:1      | Borgoz the Gargoyle Fighter began the quest for the Orb.
     0 | D:1      | Reached XP level 1. HP: 14/14 MP: 1/1
   158 | D:1      | Reached XP level 2. HP: 19/19 MP: 2/2
   340 | D:1      | Reached skill level 1 in Dodging
   460 | D:1      | Reached XP level 3. HP: 23/23 MP: 3/3
   591 | D:2      | Noticed Robin
   612 | D:2      | Killed Robin
   689 | D:2      | Reached XP level 4. HP: 26/29 MP: 4/4
  1261 | D:3      | Found a snail-covered altar of Cheibriados.
  1335 | D:3      | Killed from afar by an orc priest

Levels and vault maps discovered:
D:1:      dpeg_arrival_shrine, layout_basic
D:2:      layout_basic, first_ration, uniq_robin
D:3:      layout_rooms, lemuel_crystal_altar, kennysheep_slug_shrine

Skill      XL: |  1  2 |
---------------+-------+-----
Short Blades   | 2 |  2.4
Dodging        | 1 |  1.9
Fighting       | |  3.9
Armour         | |  3.9
Shields        | |  3.2

Action                   |  1- 3 |  4- 6 || total
-------------------------+-------+-------++-------
Melee: Rapier            |    78 |       ||    78
       Dagger            |     4 |    58 ||    62
  Use: Potion            |     1 |     2 ||     3
  Eat: Chunk             |       |     1 ||     1
Armor: Scale mail        |    46 |    25 ||    71
Dodge: Dodged            |    46 |    34 ||    80

Table legend:
 A = Non-vault XP
 B = Vault XP
 C = Vault XP percentage of total XP
 D = Non-vault monster count
 E = Vault monster count
 F = Vault count percentage of total count
                 A         B        C        D         E       F
            +---------+---------+-------+---------+---------+-------
      Total |      92 |      41 |  30.8 |      38 |      13 |  25.5
            +---------+---------+-------+---------+---------+-------
        D:1 |      41 |       0 |   0.0 |      21 |       0 |   0.0
        D:2 |      38 |      37 |  49.3 |      12 |      12 |  50.0
        D:3 |      13 |       4 |  23.5 |       5 |       1 |  16.7
            +---------+---------+-------+---------+---------+-------
